 Dungeon Crawl Stone Soup version 0.30-a0-2-gf48d83f5e2 (webtiles) character file.

Game seed: 14187314648148607535

34787 sanka the Destroyer (level 13, -9/100 HPs)
             Began as a Gnoll Conjurer on Aug 19, 2022.
             Was a Priest of Ashenzari.
             Mangled by a six-headed hydra (10 damage)
             ... on level 4 of the Lair of Beasts.
             The game lasted 00:56:52 (27211 turns).

sanka the Destroyer (Gnoll Conjurer)               Turns: 27211, Time: 00:56:52

Health: -9/100     AC: 12    Str:  6    XL:     13   Next: 79%
Magic:  27/27      EV: 15    Int: 23    God:    Ashenzari [***...]
Gold:   775        SH:  0    Dex: 13    Spells: 16/32 levels left

rFire   + . .      SeeInvis +    b - +4 dagger
rCold   . . .      Faith    .    (no shield)
rNeg    + . .      Spirit   .    r - +0 acid dragon scales of the Profound Sun {rCorr, Bglg, Alch} (curse)
rPois   .          Reflect  .    (no helmet)
rElec   .          Harm     .    R - +0 cloak
rCorr   +          Rampage  .    F - +0 pair of gloves "Chained With Me" {Cun, Elem} (curse)
Will    .....      Clarity  +    z - +0 pair of boots "Visionary of Ashenzari" {Bglg, Elem} (curse)
Stlth   ++++......               (no amulet)
HPRegen 0.26/turn                H - ring "I Foresaw This" {rF+, Comp, Melee} (curse)
MPRegen 0.20/turn                m - ring of the Unyielding Gaze {rN+ Dex+2, Bglg, Range} (curse)

@: no status effects
A: fangs 1, strong nose, distributed training
a: Renounce Religion, Shatter the Chains


You were on level 4 of the Lair of Beasts.
You worshipped Ashenzari.
Ashenzari was most pleased with you.
You visited 2 branches of the dungeon, and saw 15 of its levels.
You also visited: Ossuary.

You collected 1009 gold pieces.
You spent 234 gold pieces at shops.


Innate Abilities, Weirdness & Mutations

You have very sharp teeth.
Your uncanny sense of smell can sniff out nearby items.
Your experience applies equally to all skills.


   Skills:
 + Level 8.9 Fighting
 + Level 8.9(10.5) Short Blades
 + Level 8.9(10.5) Long Blades
 + Level 8.9(10.5) Axes
 + Level 8.9(10.5) Maces & Flails
 + Level 8.9(10.5) Polearms
 + Level 8.9(10.5) Staves
 + Level 8.9(10.5) Ranged Weapons
 + Level 8.9(10.5) Throwing
 + Level 8.9 Armour
 + Level 10.1(11.7) Dodging
 + Level 9.9(11.5) Stealth
 + Level 8.9 Shields
 + Level 8.9(10.5) Unarmed Combat
 + Level 10.3 Spellcasting
 + Level 10.3(13.5) Conjurations
 + Level 7.4(10.7) Hexes
 + Level 7.4(9.1) Summonings
 + Level 7.4(9.1) Necromancy
 + Level 7.4(10.7) Translocations
 + Level 7.4(9.1) Transmutations
 + Level 7.4(9.9) Fire Magic
 + Level 7.4(9.9) Ice Magic
 + Level 7.4(9.9) Air Magic
 + Level 7.4(9.9) Earth Magic
 + Level 7.4(9.1) Poison Magic
 + Level 9.7 Invocations
 + Level 8.9 Evocations


You had 16 spell levels left.
You knew the following spells:

 Your Spells              Type           Power      Damage    Failure   Level
x - Searing Ray           Conj           100%       2d8       1%          2
y - Starburst             Conj/Fire      30%        6d9       12%         6
z - Magic Dart            Conj           100%       1d8       1%          1
X - Confusing Touch       Hex            57%        N/A       1%          3
Z - Fulminant Prism       Conj/Hex       30%        3d16      1%          4

Your spell library contained the following spells:

 Spells                   Type           Power      Damage    Failure   Level
 Sting                    Tmut/Pois      100%       1d8       1%          1
 Summon Small Mammal      Summ           100%       N/A       1%          1
 Poisonous Vapours        Pois/Air       100%       N/A       1%          2
 Call Canine Familiar     Summ           52%        N/A       1%          3
 Dazzling Flash           Conj/Hex       100%       N/A       1%          3
 Summon Guardian Golem    Hex/Summ       55%        N/A       1%          3
 Anguish                  Hex/Necr       27%        N/A       1%          4
 Corpse Rot               Necr/Pois/Air  53%        N/A       1%          4
 Iskenderun's Mystic Bla  Conj/Tloc      61%        2d13      1%          4
 Olgreb's Toxic Radiance  Pois           52%        N/A       2%          4
 Yara's Violent Unravell  Hex/Tmut       27%        3d12      4%          5
 Enfeeble                 Hex            28%        N/A       69%         7

Inventory:

Hand Weapons
 a - a +4 scimitar
 b - a +4 dagger (weapon)
 w - a +0 halberd
Missiles
 v - 7 throwing nets {=f}
 D - 25 poisoned darts
Armour
 r - the cursed +0 acid dragon scales of the Profound Sun (worn) {rCorr, Bglg, Alch} rCorr: It protects you from acid and corrosion. It has a curse which improves the following skills: Beguiling: Conjurations, Hexes and Translocations. Alchemy: Poison Magic and Transmutations.
 z - the cursed +0 pair of boots "Visionary of Ashenzari" (worn) {Bglg, Elem}

   It has a curse which improves the following skills: Beguiling: Conjurations,
   Hexes and Translocations.
   Elements:  Fire Magic, Ice Magic, Air Magic and Earth Magic.
 F - the cursed +0 pair of gloves "Chained With Me" (worn) {Cun, Elem}

   It has a curse which improves the following skills: Cunning: Dodging and
   Stealth.
   Elements:  Fire Magic, Ice Magic, Air Magic and Earth Magic.
 R - a +0 cloak (worn)
Jewellery
 m - the cursed ring of the Unyielding Gaze (right hand) {rN+ Dex+2, Bglg, Range}

   [ring of positive energy]

   Dex:       It affects your dexterity (+2).
   rN:        It protects you from negative energy.
   It has a curse which improves the following skills: Beguiling: Conjurations,
   Hexes and Translocations.
   Ranged Combat: Ranged Weapons and Throwing.
 E - a ring of resist corrosion
 H - the cursed ring "I Foresaw This" (left hand) {rF+, Comp, Melee}

   [ring of protection from fire]

   rF:        It protects you from fire.
   It has a curse which improves the following skills: Companions: Summonings
   and Necromancy.
   Melee Combat: Short Blades, Long Blades, Axes, Maces & Flails, Polearms,
   Staves and Unarmed Combat.
Wands
 i - a wand of digging (7)
 y - a wand of quicksilver (9)
 B - a wand of mindburst (10)
Scrolls
 g - 2 scrolls of blinking
 j - 5 scrolls of torment {!r}
 n - 11 scrolls of teleportation {@r4}
 q - 3 scrolls of butterflies
 t - 3 scrolls of vulnerability {!r}
 x - 4 scrolls of poison {!r}
 A - 2 scrolls of immolation {!r}
 C - a scroll of enchant weapon
 G - a scroll of brand weapon
 L - 3 scrolls of magic mapping
 N - a scroll of fear
 P - a scroll of acquirement
Potions
 c - 6 potions of ambrosia
 e - 2 potions of magic
 f - a potion of attraction {!q}
 h - 2 potions of flight
 k - 6 potions of lignification {!q}
 l - a potion of resistance
 o - 8 potions of curing {@q1}
 p - a potion of cancellation
 J - 2 potions of brilliance
 K - 4 potions of haste {@q3}
 M - 2 potions of berserk rage {!q}
 O - 2 potions of experience
 Q - 2 potions of mutation {!q}

Dungeon Overview and Level Annotations

Branches:
Dungeon (11/15)            Temple (0/1) D:7            Lair (4/5) D:8
  Swamp (0/4) Lair:2       Spider (0/4) Lair:2          Orc (0/2) D:11
Ossuary (visited)
  Slime: Lair:4-5

Altars:
Ashenzari
Dithmenos
Nemelex Xobeh
Ru
Trog
Xom
Yredelemnul
The Shining One

Shops:
D:4 !   D:7 !

Annotations:
D:9 2 transporters, t4s4d4r's ghost, novice OpAE

░░ ░▒▒, ▒▒▒▒▒▒ ...▒░▒▒
▒▒▒....▒▒ , ░
,.....▒.▒▒.......▒ ░ ░
.......>.▒......▒ +, ░
......▒..f..)...▒▒ ░
.....▒...gD.|♣.....▒ ░ ,
'....▒.).♣~.~.♣....▒ ░ ░ ░
....▒..~.~.~.~.♣..▒▒▒
░,▒..♣..~~.~~..~......▒
▒...♣~~.~..~~.~.....▒░
▒▒▒.....~~.~.~..~~....▒ ▒▒
▒▒▒f.'.~~~..~~..~~.....P▒ .▒▒
▒▒........~.~~~...~.~~.P.▒
..▒.▒..▒▒▒.)~~.~...~~~.~.....f


You could see a six-headed hydra.


Message History

Unknown command.
You don't have any such object.
Evoke which item? (* to show all) (? for menu, Esc to quit)
Okay, then.
The six-headed hydra attacks as you move away!
The six-headed hydra barely misses you.
The six-headed hydra closely misses you.
The six-headed hydra bites you!
* * * LOW HITPOINT WARNING * * *
The six-headed hydra misses you. The six-headed hydra bites you.
* * * LOW HITPOINT WARNING * * *
The six-headed hydra completely misses you.
Unknown command.
Unknown command.
The six-headed hydra attacks as you move away!
The six-headed hydra bites you!
* * * LOW HITPOINT WARNING * * *
The six-headed hydra misses you.
The six-headed hydra bites you but does no damage.
The six-headed hydra closely misses you.
The six-headed hydra closely misses you.
The six-headed hydra completely misses you.
Unknown command.
The six-headed hydra attacks as you move away!
The six-headed hydra barely misses you. The six-headed hydra bites you!
* * * LOW HITPOINT WARNING * * *
The six-headed hydra bites you!
You die...

Action                   |  1- 3 |  4- 6 |  7- 9 | 10-12 | 13-15 || total
-------------------------+-------+-------+-------+-------+-------++-------
Melee: Long sword        |       |       |   128 |     8 |       ||   136
       Bite              |       |       |    20 |    14 |    14 ||    48
       Scimitar          |       |       |    21 |    65 |    72 ||   158
       Punch             |       |       |     9 |     7 |     7 ||    23
       Dagger            |       |       |     1 |    39 |    26 ||    66
 Cast: Magic Dart        |    53 |    89 |   141 |   166 |     9 ||   458
       Searing Ray       |       |    11 |    42 |    45 |    11 ||   109
       Fulminant Prism   |       |       |     4 |   132 |    64 ||   200
       Starburst         |       |       |       |       |     9 ||     9
       Confusing Touch   |       |       |       |       |     2 ||     2
Invok: Curse Item        |       |       |       |     5 |     1 ||     6
       Shatter the Chain |       |       |       |       |     1 ||     1
Evoke: Wand              |       |       |       |     7 |     6 ||    13
  Use: Potion            |       |       |       |     1 |     1 ||     2
 Stab: Sleeping          |       |       |     3 |     1 |     2 ||     6
       Distracted        |       |       |       |     1 |       ||     1
       Confused          |       |       |       |       |     2 ||     2
       Paralysed         |       |       |       |       |     2 ||     2
Armor: Robe              |       |     3 |    70 |     8 |       ||    81
       Acid dragon scale |       |       |       |    55 |    94 ||   149
Dodge: Dodged            |     3 |    13 |   206 |   147 |   200 ||   569

Levels and vault maps discovered:
D:1:      dpeg_arrival_ternary, layout_loops_corners, serial_park_tiny_1,
          minmay_misc_feat_more_columns
D:2:      layout_basic, shapermc_ecumenical_altar_starsandcircs,
          small_statue_intersection, kennysheep_cluttered_room,
          minmay_statues_item
D:3:      layout_loops_corners
D:4:      layout_loops_ring, grunt_dithmenos_smoke, serial_shops,
          nicolae_stop_n_shop_2
D:5:      layout_loops_ring, mainiacjoe_overflow_divided_tiny,
          mainiacjoe_overflow_24_doors
D:6:      corexii_shack_village, layout_basic, lemuel_zombie_altar_yredelemnul,
          cheibrodos_ashenzari_chains
D:7:      layout_gridville, tso_altar, minmay_temple_entry_junction_2,
          enter_ossuary_4, serial_shops, nicolae_take_the_stairs,
          minmay_curled_crystal, kennysheep_diamond
D:8:      layout_cave_pools, david_lair_generic
D:9:      layout_cave_pods, gammafunk_ghost_arena
D:10:     layout_gridville, tgw_xom, grunt_decor_fettered, serial_bayou_pond_c,
          kennysheep_donut, minmay_misc_feat_x
D:11:     nicolae_cairo_tiling_large, layout_gridville, orc_0_dummy,
          minmay_misc_feat_enclosed
Lair:1:   layout_hall_layers, uniq_harold, uniq_nergalle
Lair:2:   layout_small_grid, swamp_mist_pool, spider_nest_entry_webs
Lair:3:   layout_long_grid, grunt_forest_large_clearing_hut, grunt_megastairs_4,
          lemuel_fruit_tree
Lair:4:   layout_roguey [special_room_bee], nicolae_quartered_pool_medium,
          grunt_megastairs_1, infiniplex_staircase_pool_2

Notes
Turn   | Place    | Note
-------+----------+-------------------------------------------
     0 | D:1      | sanka the Gnoll Conjurer began the quest for the Orb.
     0 | D:1      | Reached XP level 1. HP: 13/13 MP: 6/6
   238 | D:1      | Reached XP level 2. HP: 19/19 MP: 5/7
   442 | D:1      | Learned a level 2 spell: Searing Ray
   978 | D:1      | Reached skill level 5 in Spellcasting
   978 | D:1      | Reached XP level 3. HP: 25/25 MP: 5/9
  1139 | D:2      | Reached skill level 1 in Invocations
  1283 | D:2      | Found a faded altar of an unknown god.
  1302 | D:2      | Reached skill level 1 in Fighting
  1302 | D:2      | Reached skill level 1 in Short Blades
  1302 | D:2      | Reached skill level 1 in Long Blades
  1302 | D:2      | Reached skill level 1 in Axes
  1302 | D:2      | Reached skill level 1 in Maces & Flails
  1302 | D:2      | Reached skill level 1 in Polearms
  1302 | D:2      | Reached skill level 1 in Staves
  1302 | D:2      | Reached skill level 1 in Ranged Weapons
  1302 | D:2      | Reached skill level 1 in Throwing
  1302 | D:2      | Reached skill level 1 in Armour
  1302 | D:2      | Reached skill level 1 in Shields
  1302 | D:2      | Reached skill level 1 in Unarmed Combat
  1302 | D:2      | Reached skill level 1 in Evocations
  1570 | D:2      | Reached XP level 4. HP: 32/32 MP: 6/11
  1926 | D:2      | Reached skill level 1 in Hexes
  1926 | D:2      | Reached skill level 1 in Summonings
  1926 | D:2      | Reached skill level 1 in Necromancy
  1926 | D:2      | Reached skill level 1 in Translocations
  1926 | D:2      | Reached skill level 1 in Transmutations
  1926 | D:2      | Reached skill level 1 in Fire Magic
  1926 | D:2      | Reached skill level 1 in Ice Magic
  1926 | D:2      | Reached skill level 1 in Air Magic
  1926 | D:2      | Reached skill level 1 in Earth Magic
  1926 | D:2      | Reached skill level 1 in Poison Magic
  2557 | D:3      | Identified the ring "Ythrooqu" {rN+ Dex+2}
  3361 | D:3      | Reached XP level 5. HP: 37/37 MP: 10/12
  3528 | D:4      | Found Girehane's Distillery.
  3964 | D:4      | Noticed a black bear
  3976 | D:4      | Killed a black bear
  3977 | D:4      | Reached skill level 2 in Fighting
  3977 | D:4      | Reached skill level 2 in Short Blades
  3977 | D:4      | Reached skill level 2 in Long Blades
  3977 | D:4      | Reached skill level 2 in Axes
  3977 | D:4      | Reached skill level 2 in Maces & Flails
  3977 | D:4      | Reached skill level 2 in Polearms
  3977 | D:4      | Reached skill level 2 in Staves
  3977 | D:4      | Reached skill level 2 in Ranged Weapons
  3977 | D:4      | Reached skill level 2 in Throwing
  3977 | D:4      | Reached skill level 2 in Armour
  3977 | D:4      | Reached skill level 5 in Dodging
  3977 | D:4      | Reached skill level 2 in Shields
  3977 | D:4      | Reached skill level 2 in Unarmed Combat
  3977 | D:4      | Reached skill level 2 in Invocations
  3977 | D:4      | Reached skill level 2 in Evocations
  3977 | D:4      | Reached XP level 6. HP: 7/44 MP: 3/14
  4028 | D:4      | Noticed a black bear
  4345 | D:4      | Killed a black bear
  4607 | D:4      | Reached XP level 7. HP: 51/51 MP: 6/15
  4706 | D:4      | Reached skill level 2 in Hexes
  4706 | D:4      | Reached skill level 2 in Summonings
  4706 | D:4      | Reached skill level 2 in Necromancy
  4706 | D:4      | Reached skill level 2 in Translocations
  4706 | D:4      | Reached skill level 2 in Transmutations
  4706 | D:4      | Reached skill level 2 in Fire Magic
  4706 | D:4      | Reached skill level 2 in Ice Magic
  4706 | D:4      | Reached skill level 2 in Air Magic
  4706 | D:4      | Reached skill level 2 in Earth Magic
  4706 | D:4      | Reached skill level 2 in Poison Magic
  5131 | D:4      | Found a shadowy altar of Dithmenos.
  5534 | D:4      | Found Girehane's Distillery.
  5549 | D:4      | Found a shadowy altar of Dithmenos.
  5993 | D:5      | Entered Level 5 of the Dungeon
  6028 | D:5      | Reached skill level 5 in Stealth
  6035 | D:5      | Reached skill level 3 in Invocations
  6152 | D:5      | Found a sparkling altar of Nemelex Xobeh.
  6153 | D:5      | Found a sacrificial altar of Ru.
  6400 | D:5      | Found a bloodstained altar of Trog.
  6560 | D:5      | Reached skill level 3 in Fighting
  6560 | D:5      | Reached skill level 3 in Short Blades
  6560 | D:5      | Reached skill level 3 in Long Blades
  6560 | D:5      | Reached skill level 3 in Axes
  6560 | D:5      | Reached skill level 3 in Maces & Flails
  6560 | D:5      | Reached skill level 3 in Polearms
  6560 | D:5      | Reached skill level 3 in Staves
  6560 | D:5      | Reached skill level 3 in Ranged Weapons
  6560 | D:5      | Reached skill level 3 in Throwing
  6560 | D:5      | Reached skill level 3 in Armour
  6560 | D:5      | Reached skill level 3 in Shields
  6560 | D:5      | Reached skill level 3 in Unarmed Combat
  6560 | D:5      | Reached skill level 3 in Evocations
  6560 | D:5      | Reached XP level 8. HP: 58/58 MP: 12/16
  6876 | D:5      | Reached skill level 6 in Spellcasting
  7255 | D:5      | Learned a level 4 spell: Fulminant Prism
  7312 | D:5      | Found a sacrificial altar of Ru.
  7313 | D:5      | Found a sparkling altar of Nemelex Xobeh.
  7348 | D:5      | Found a bloodstained altar of Trog.
  8523 | D:6      | Noticed a troll
  8529 | D:6      | Killed a troll
  8530 | D:6      | Reached skill level 6 in Dodging
  8530 | D:6      | Reached skill level 3 in Hexes
  8530 | D:6      | Reached skill level 3 in Summonings
  8530 | D:6      | Reached skill level 3 in Necromancy
  8530 | D:6      | Reached skill level 3 in Translocations
  8530 | D:6      | Reached skill level 3 in Transmutations
  8530 | D:6      | Reached skill level 3 in Fire Magic
  8530 | D:6      | Reached skill level 3 in Ice Magic
  8530 | D:6      | Reached skill level 3 in Air Magic
  8530 | D:6      | Reached skill level 3 in Earth Magic
  8530 | D:6      | Reached skill level 3 in Poison Magic
  8530 | D:6      | Reached skill level 4 in Invocations
  8929 | D:6      | Reached XP level 9. HP: 65/65 MP: 10/18
  9060 | D:6      | Reached skill level 4 in Fighting
  9060 | D:6      | Reached skill level 4 in Short Blades
  9060 | D:6      | Reached skill level 4 in Long Blades
  9060 | D:6      | Reached skill level 4 in Axes
  9060 | D:6      | Reached skill level 4 in Maces & Flails
  9060 | D:6      | Reached skill level 4 in Polearms
  9060 | D:6      | Reached skill level 4 in Staves
  9060 | D:6      | Reached skill level 4 in Ranged Weapons
  9060 | D:6      | Reached skill level 4 in Throwing
  9060 | D:6      | Reached skill level 4 in Armour
  9060 | D:6      | Reached skill level 4 in Shields
  9060 | D:6      | Reached skill level 4 in Unarmed Combat
  9060 | D:6      | Reached skill level 4 in Evocations
  9585 | D:6      | Reached skill level 6 in Stealth
  9585 | D:6      | Reached skill level 8 in Conjurations
  9737 | D:6      | Found a broken altar of Ashenzari.
  9820 | D:6      | Became a worshipper of Ashenzari the Shackled
  9869 | D:6      | Found a basalt altar of Yredelemnul.
 10169 | D:7      | Found a staircase to the Ecumenical Temple.
 10305 | D:7      | Found a sand-covered staircase.
 10396 | Ossuary  | Entered an ossuary
 10706 | Ossuary  | Reached skill level 5 in Invocations
 11187 | Ossuary  | Reached skill level 7 in Spellcasting
 11236 | Ossuary  | Noticed a silent spectre
 11306 | D:7      | Reached skill level 4 in Hexes
 11306 | D:7      | Reached skill level 4 in Summonings
 11306 | D:7      | Reached skill level 4 in Necromancy
 11306 | D:7      | Reached skill level 4 in Translocations
 11306 | D:7      | Reached skill level 4 in Transmutations
 11306 | D:7      | Reached skill level 4 in Fire Magic
 11306 | D:7      | Reached skill level 4 in Ice Magic
 11306 | D:7      | Reached skill level 4 in Air Magic
 11306 | D:7      | Reached skill level 4 in Earth Magic
 11306 | D:7      | Reached skill level 4 in Poison Magic
 11743 | D:7      | Found a glowing golden altar of the Shining One.
 11887 | D:7      | Reached skill level 5 in Fighting
 11887 | D:7      | Reached skill level 5 in Short Blades
 11887 | D:7      | Reached skill level 5 in Long Blades
 11887 | D:7      | Reached skill level 5 in Axes
 11887 | D:7      | Reached skill level 5 in Maces & Flails
 11887 | D:7      | Reached skill level 5 in Polearms
 11887 | D:7      | Reached skill level 5 in Staves
 11887 | D:7      | Reached skill level 5 in Ranged Weapons
 11887 | D:7      | Reached skill level 5 in Throwing
 11887 | D:7      | Reached skill level 5 in Armour
 11887 | D:7      | Reached skill level 5 in Shields
 11887 | D:7      | Reached skill level 5 in Unarmed Combat
 11887 | D:7      | Reached skill level 5 in Evocations
 11887 | D:7      | Reached XP level 10. HP: 74/74 MP: 13/20
 12466 | D:7      | Found Sippim's Distillery.
 12802 | D:8      | Reached skill level 7 in Dodging
 13200 | D:8      | Reached * piety under Ashenzari
 13200 | D:8      | Identified a potion of resistance
 13208 | D:8      | Noticed an elephant
 13726 | D:8      | Reached skill level 6 in Invocations
 13794 | D:8      | Found a staircase to the Lair.
 13872 | D:8      | Killed an elephant
 13873 | D:8      | Reached skill level 7 in Stealth
 14195 | D:7      | Bought a potion of haste for 130 gold pieces
 14195 | D:7      | Bought a potion of cancellation for 104 gold pieces
 14393 | D:9      | Noticed a manticore
 14479 | D:9      | Reached ** piety under Ashenzari
 14548 | D:9      | Identified +0 acid dragon scales
 14604 | D:9      | Found a transporter.
 14610 | D:9      | Noticed t4s4d4r's ghost (novice OpAE)
 14612 | D:9      | Found a transporter.
 15455 | D:10     | Entered Level 10 of the Dungeon
 15617 | D:10     | Reached skill level 6 in Fighting
 15617 | D:10     | Reached skill level 6 in Short Blades
 15617 | D:10     | Reached skill level 6 in Long Blades
 15617 | D:10     | Reached skill level 6 in Axes
 15617 | D:10     | Reached skill level 6 in Maces & Flails
 15617 | D:10     | Reached skill level 6 in Polearms
 15617 | D:10     | Reached skill level 6 in Staves
 15617 | D:10     | Reached skill level 6 in Ranged Weapons
 15617 | D:10     | Reached skill level 6 in Throwing
 15617 | D:10     | Reached skill level 6 in Armour
 15617 | D:10     | Reached skill level 6 in Shields
 15617 | D:10     | Reached skill level 6 in Unarmed Combat
 15617 | D:10     | Reached skill level 6 in Evocations
 15781 | D:10     | Reached skill level 5 in Hexes
 15781 | D:10     | Reached skill level 5 in Summonings
 15781 | D:10     | Reached skill level 5 in Necromancy
 15781 | D:10     | Reached skill level 5 in Translocations
 15781 | D:10     | Reached skill level 5 in Transmutations
 15781 | D:10     | Reached skill level 5 in Fire Magic
 15781 | D:10     | Reached skill level 5 in Ice Magic
 15781 | D:10     | Reached skill level 5 in Air Magic
 15781 | D:10     | Reached skill level 5 in Earth Magic
 15781 | D:10     | Reached skill level 5 in Poison Magic
 15781 | D:10     | Reached XP level 11. HP: 67/84 MP: 17/24
 15927 | D:10     | Reached *** piety under Ashenzari
 15984 | D:10     | Found a shimmering altar of Xom.
 16191 | D:10     | Reached skill level 8 in Spellcasting
 16746 | D:10     | Reached skill level 9 in Conjurations
 16746 | D:10     | Reached skill level 7 in Invocations
 16938 | D:10     | Reached skill level 8 in Dodging
 17275 | D:11     | Found a staircase to the Orcish Mines.
 17730 | D:11     | Noticed a two-headed ogre
 17740 | D:11     | Killed a two-headed ogre
 18467 | Lair:1   | Entered Level 1 of the Lair of Beasts
 18510 | Lair:1   | Noticed a four-headed hydra
 18519 | Lair:1   | Killed a four-headed hydra
 18520 | Lair:1   | Reached skill level 8 in Stealth
 18771 | Lair:1   | Noticed Nergalle
 18785 | Lair:1   | Killed Nergalle
 18932 | Lair:1   | Noticed Harold
 18964 | Lair:1   | Killed Harold
 18965 | Lair:1   | Reached skill level 7 in Fighting
 18965 | Lair:1   | Reached skill level 7 in Short Blades
 18965 | Lair:1   | Reached skill level 7 in Long Blades
 18965 | Lair:1   | Reached skill level 7 in Axes
 18965 | Lair:1   | Reached skill level 7 in Maces & Flails
 18965 | Lair:1   | Reached skill level 7 in Polearms
 18965 | Lair:1   | Reached skill level 7 in Staves
 18965 | Lair:1   | Reached skill level 7 in Ranged Weapons
 18965 | Lair:1   | Reached skill level 7 in Throwing
 18965 | Lair:1   | Reached skill level 7 in Armour
 18965 | Lair:1   | Reached skill level 7 in Shields
 18965 | Lair:1   | Reached skill level 7 in Unarmed Combat
 18965 | Lair:1   | Reached skill level 7 in Evocations
 19389 | Lair:1   | Reached XP level 12. HP: 85/94 MP: 14/26
 19703 | Lair:1   | Reached skill level 6 in Hexes
 19703 | Lair:1   | Reached skill level 6 in Summonings
 19703 | Lair:1   | Reached skill level 6 in Necromancy
 19703 | Lair:1   | Reached skill level 6 in Translocations
 19703 | Lair:1   | Reached skill level 6 in Transmutations
 19703 | Lair:1   | Reached skill level 6 in Fire Magic
 19703 | Lair:1   | Reached skill level 6 in Ice Magic
 19703 | Lair:1   | Reached skill level 6 in Air Magic
 19703 | Lair:1   | Reached skill level 6 in Earth Magic
 19703 | Lair:1   | Reached skill level 6 in Poison Magic
 20007 | Lair:2   | Noticed a six-headed hydra
 20230 | Lair:2   | Noticed a death yak
 20230 | Lair:2   | Noticed a death yak
 20230 | Lair:2   | Noticed a death yak
 20230 | Lair:2   | Noticed a death yak
 20239 | Lair:1   | Killed a death yak
 20240 | Lair:1   | Reached skill level 9 in Spellcasting
 20240 | Lair:1   | Reached skill level 8 in Invocations
 20609 | Lair:2   | Noticed a catoblepas
 21098 | Lair:1   | Killed a catoblepas
 21467 | Lair:2   | Identified the +2 scale mail of a treasure trove {rC+
                  | Stlth+}
 21481 | Lair:2   | Killed a six-headed hydra
 21817 | Lair:2   | Reached skill level 9 in Dodging
 21992 | Lair:2   | Killed a death yak
 22190 | Lair:2   | Found a staircase to the Swamp.
 22390 | Lair:2   | Noticed a death yak
 22391 | Lair:2   | Noticed a death yak
 22429 | Lair:2   | Killed a death yak
 22614 | Lair:2   | Found a hole to the Spider Nest.
 22639 | Lair:2   | Noticed a death yak
 22644 | Lair:2   | Noticed a death yak
 22655 | Lair:2   | Reached skill level 9 in Stealth
 22657 | Lair:2   | Killed a death yak
 22775 | Lair:2   | Killed a death yak
 22776 | Lair:2   | Reached skill level 8 in Fighting
 22776 | Lair:2   | Reached skill level 8 in Short Blades
 22776 | Lair:2   | Reached skill level 8 in Long Blades
 22776 | Lair:2   | Reached skill level 8 in Axes
 22776 | Lair:2   | Reached skill level 8 in Maces & Flails
 22776 | Lair:2   | Reached skill level 8 in Polearms
 22776 | Lair:2   | Reached skill level 8 in Staves
 22776 | Lair:2   | Reached skill level 8 in Ranged Weapons
 22776 | Lair:2   | Reached skill level 8 in Throwing
 22776 | Lair:2   | Reached skill level 8 in Armour
 22776 | Lair:2   | Reached skill level 8 in Shields
 22776 | Lair:2   | Reached skill level 8 in Unarmed Combat
 22776 | Lair:2   | Reached skill level 8 in Evocations
 23050 | Lair:2   | Killed a death yak
 23184 | Lair:2   | Killed a death yak
 23195 | Lair:2   | Killed a death yak
 23196 | Lair:2   | Reached XP level 13. HP: 103/103 MP: 3/28
 23359 | Lair:3   | Reached skill level 9 in Invocations
 23362 | Lair:3   | Reached skill level 10 in Conjurations
 23535 | Lair:3   | Identified 2 potions of experience
 23597 | Lair:3   | Reached skill level 7 in Hexes
 23597 | Lair:3   | Reached skill level 7 in Summonings
 23597 | Lair:3   | Reached skill level 7 in Necromancy
 23597 | Lair:3   | Reached skill level 7 in Translocations
 23597 | Lair:3   | Reached skill level 7 in Transmutations
 23597 | Lair:3   | Reached skill level 7 in Fire Magic
 23597 | Lair:3   | Reached skill level 7 in Ice Magic
 23597 | Lair:3   | Reached skill level 7 in Air Magic
 23597 | Lair:3   | Reached skill level 7 in Earth Magic
 23597 | Lair:3   | Reached skill level 7 in Poison Magic
 24050 | Lair:3   | Identified a scroll of acquirement
 24226 | Lair:3   | Reached skill level 10 in Spellcasting
 24335 | Lair:3   | Identified the +2 robe of the Slorg {rPois Will+ Str-4}
 24784 | Lair:3   | Reached **** piety under Ashenzari
 24792 | Lair:3   | Learned a level 6 spell: Starburst
 25698 | Lair:4   | HP: 9/99 [poisoned by a meliai]
 26098 | Lair:4   | Reached skill level 10 in Dodging
 26610 | Lair:4   | HP: 1/100 [polar bear (11)]
 26919 | Lair:4   | Learned a level 3 spell: Confusing Touch
 27208 | Lair:4   | HP: 8/100 [six-headed hydra (7)]
 27211 | Lair:4   | HP: 1/100 [six-headed hydra (8)]
 27211 | Lair:4   | Mangled by a six-headed hydra

Vanquished Creatures
  Harold (Lair:1)
  2 hydras
  A catoblepas (Lair:1)
  A two-headed ogre (D:11)
  11 death yaks
  Nergalle (Lair:1)
  10 elephants
  2 black mambas
  A gargoyle (D:10)
  9 cane toads
  3 komodo dragons (Lair:1)
  An unseen horror (D:11)
  3 kobold demonologists (D:10)
  A queen bee (Lair:4)
  3 meliai (Lair:4)
  3 polar bears
  2 trolls
  A vampire (D:11)
  A spriggan (Lair:3)
  2 wyverns
  2 wraiths
  39 yaks
  2 basilisks
  2 redbacks (Lair:2)
  3 steam dragons
  An acid dragon (D:9)
  7 water moccasins
  4 black bears
  2 orc warriors
  3 ogres
  An ice beast (D:6)
  A sky beast (D:7)
  4 wolves
  2 centaurs
  3 kobold brigands
  10 bullfrogs
  4 necrophages
  A gnoll sergeant (D:8)
  4 scorpions
  3 water moccasin zombies (Ossuary)
  5 wights (D:9)
  21 killer bees (Lair:4)
  4 howler monkeys
  4 electric eels
  4 bullfrog zombies
  6 centaur zombies (Ossuary)
  2 jellies
  A human zombie (Ossuary)
  5 orc priests
  5 hounds
  A gnoll bouda (D:9)
  3 iguanas
  17 orc wizards
  A scorpion zombie (Ossuary)
  19 gnolls
  10 adders
  A shadow imp (D:6)
  3 adder zombies (Ossuary)
  A worm (D:4)
  6 dart slugs
  44 orcs
  8 ball pythons
  8 bats
  6 endoplasms
  5 giant cockroaches
  3 gnoll zombies (Ossuary)
  13 hobgoblins
  3 quokkas
  A frilled lizard (D:1)
  7 goblins
  2 goblin zombies
  4 hobgoblin zombies (Ossuary)
  18 kobolds
  3 orc zombies (Ossuary)
  3 rats
  A rat zombie (D:7)
  A fulminant prism (Lair:4)
406 creatures vanquished.

Vanquished Creatures (others)
  199 fulminant prisms
  21 fungi
  27 plants
247 creatures vanquished.

Grand Total: 653 creatures vanquished
